 Dungeon Crawl Stone Soup version 0.29.1-2-gbd0b4ee654 (webtiles) character file.

Game seed: 9143434824154492914

1316 H0rd4k the Insei (level 8, -4/54 HPs)
             Began as an Octopode Artificer on Nov 29, 2022.
             Was an Initiate of Gozag.
             Slain by a troll (5 damage)
             ... on level 7 of the Dungeon.
             The game lasted 00:08:45 (8551 turns).

H0rd4k the Insei (Octopode Artificer)               Turns: 8551, Time: 00:08:46

Health: -4/54      AC:  1    Str: 11    XL:     8   Next: 59%
Magic:  0/14       EV: 13    Int: 15    God:    Gozag
Gold:   666        SH:  0    Dex: 13    Spells: 8/15 levels left

rFire   + . .      SeeInvis .   D - staff of fire
rCold   . . .      Faith    .   (no shield)
rNeg    . . .      Spirit   +   (helmet restricted)
rPois   .          Reflect  .   u - amulet of guardian spirit
rElec   .          Harm     .   e - ring of flight
rCorr   .          Rampage  .   (no ring)
Will    .....                   (no ring)
Stlth   +++.......              (no ring)
HPRegen 0.18/turn               (no ring)
MPRegen 0.14/turn               (no ring)
                                (no ring)
                                (no ring)

@: flying
A: almost no armour, amphibious, 8 rings, camouflage 1, gelatinous body 1,
(nimble swimmer 1), tentacles
a: Renounce Religion, Potion Petition, Call Merchant, Bribe Branch


You were on level 7 of the Dungeon.
You worshipped Gozag.
Gozag was pleased with you.
You visited 1 branch of the dungeon, and saw 7 of its levels.

You collected 716 gold pieces.
You paid 50 gold pieces to Gozag.

Inventory:

Missiles
 q - 13 poisoned darts
 z - 2 throwing nets
Magical Staves
 D - a staff of fire (weapon)
Jewellery
 e - a ring of flight (left tentacle)
 u - an amulet of guardian spirit (around mantle)
Wands
 b - a wand of flame (13)
 c - a wand of charming (1)
 d - a wand of iceblast (9)
 y - a wand of polymorph (7)
 E - a wand of mindburst (12)
 H - a wand of light (6)
Scrolls
 a - 6 scrolls of enchant armour
 f - 2 scrolls of noise {unknown}
 i - 7 scrolls of identify {unknown}
 j - 4 scrolls of vulnerability {unknown}
 m - 2 scrolls of butterflies {unknown}
 n - 2 scrolls of poison {unknown}
 o - 3 scrolls of immolation {unknown}
 p - a scroll of summoning {unknown}
 t - 2 scrolls of fear {unknown}
 w - 2 scrolls of teleportation {unknown}
 A - a scroll of magic mapping {unknown}
Potions
 g - a potion of ambrosia {unknown}
 h - a potion of cancellation {unknown}
 k - 7 potions of curing
 l - a potion of haste
 r - 2 potions of brilliance {unknown}
 s - 3 potions of attraction {unknown}
 v - a potion of degeneration {unknown}
 x - a potion of lignification {unknown}
 B - a potion of invisibility {unknown}
 C - a potion of heal wounds
 F - a potion of magic {unknown}
 G - a potion of might {unknown}


   Skills:
 * Level 4.9 Fighting
 + Level 1.2 Throwing
 - Level 2.3 Dodging
 - Level 1.3 Stealth
 - Level 6.5 Unarmed Combat
 * Level 4.2 Spellcasting
 + Level 0.3 Conjurations
 * Level 1.2 Hexes
 * Level 1.1 Fire Magic
 + Level 3.4 Evocations


You had 8 spell levels left.
You knew the following spells:

 Your Spells              Type           Power      Damage    Failure   Level
a - Conjure Flame         Conj/Fire      8%         6-21      36%         3
b - Inner Flame           Hex/Fire       10%        N/A       32%         3
c - Foxfire               Conj/Fire      32%        2x1d5     13%         1

Your spell library contained the following spells:

 Spells                   Type           Power      Damage    Failure   Level
 Portal Projectile        Hex/Tloc       10%        N/A       38%         3
 Call Canine Familiar     Summ           3%         N/A       47%         3
 Flame Wave               Conj/Fire      8%         2d5       78%         4
 Leda's Liquefaction      Hex/Erth       2%         N/A       80%         4


Dungeon Overview and Level Annotations

Branches:
Dungeon (7/15)             Temple (0/1) D:4

Altars:
Elyvilon
Gozag
Okawaru
Qazlal
Ru
Sif Muna
Zin

Shops:
D:6 *

Annotations:
D:2 1 runed translucent door, exclusion: door, Crazy Yiuf
D:5 exclusions: phantom and 1 more exclusion
D:6 exclusions: downstairs and steam dragon


Innate Abilities, Weirdness & Mutations

You cannot wear most types of armour.
You are amphibious.
You can wear up to eight rings at the same time.
Your skin changes colour to match your surroundings (Stealth+).
Your rubbery body absorbs attacks. (AC +1, EV +1)
((You are camouflaged when in or above water. (Stealth+)))
You have tentacles for arms and can constrict up to eight enemies at once.


Message History

The sky beast hits you. The sky beast shocks you. The sky beast hits you.
The sky beast shocks you.
You hit the sky beast but do no damage.
You squeeze the sky beast, but do no damage.
The sky beast is heavily wounded.
The sky beast completely misses you.
You closely miss the sky beast. You squeeze the sky beast.
The sky beast is heavily wounded.
The sky beast closely misses you.
Unknown command.
Unknown command.
The sky beast attacks as you move away! The sky beast hits you.
The sky beast shocks you.
Aiming: Charm
Press: ? - help, Shift-Dir - straight line, f - sky beast
Aim: a sky beast (heavily wounded, chance to affect: 58%)
The sky beast resists with significant effort.
The sky beast hits you.
* * * LOW HITPOINT WARNING * * *
The sky beast shocks you.
* * * LOW HITPOINT WARNING * * *
Aiming: Charm
Press: ? - help, Shift-Dir - straight line, f/p - sky beast
Aim: a sky beast (heavily wounded, chance to affect: 58%)
The sky beast resists with significant effort.
The sky beast closely misses you.
Unknown command.
The sky beast hits you.
* * * LOW HITPOINT WARNING * * *
The sky beast shocks you.
* * * LOW HITPOINT WARNING * * *
Aiming: Charm
Press: ? - help, Shift-Dir - straight line, f/p - sky beast
Aim: a sky beast (heavily wounded, chance to affect: 58%)
The sky beast resists with significant effort.
The sky beast closely misses you. The troll bites you.
* * * LOW HITPOINT WARNING * * *
The troll claws you.
You die...
Your body crumbles into a pile of gold.

.+ #.....#..[........
.# #?....#.......# .#
#.....#.....).# .#
###.....#.......# ##
#.......#.......#
+.......#..(....#
#.......'.......#
#.......#.Y.....# $
#.......#.T@....#
#......<#.......#
#.......#####...#
#######.........#...#
#.....#.........#...#
#.....'.........#
..'.
#.....#.........#
.#..
#.....#.........#
.#..
#.....#.........#


You could see a troll and a sky beast.

Vanquished Creatures
  A water moccasin (D:7)
  2 black bears (D:4)
  An ogre (D:5)
  2 centaurs (D:6)
  2 kobold brigands (D:4)
  A scorpion (D:4)
  A bullfrog (D:7)
  A howler monkey (D:7)
  A jelly (D:7)
  An orc priest (D:6)
  A hound (D:5)
  An iguana (D:6)
  Natasha (thrice) (D:2)
  An orc wizard (D:6)
  8 adders
  2 gnolls (D:5)
  2 shadow imps
  2 white imps
  2 ufetubi
  A worm (D:2)
  A dart slug (D:1)
  12 orcs
  8 bats
  9 endoplasms
  3 giant cockroaches
  7 hobgoblins
  2 jackals (D:1)
  10 kobolds
  3 ball pythons
  4 frilled lizards
  9 goblins
  9 rats
113 creatures vanquished.

Vanquished Creatures (collateral kills)
  2 gnolls (D:5)
  An adder (D:4)
  A worm (D:2)
  A ball python (D:2)
  A hobgoblin (D:2)
  2 frilled lizards (D:2)
8 creatures vanquished.

Vanquished Creatures (others)
  A gnoll bouda (D:5)
  A worm (D:2)
  An orc (D:6)
  27 foxfires (D:7)
  A plant (D:4)
31 creatures vanquished.

Grand Total: 152 creatures vanquished

Notes
Turn   | Place    | Note
-------+----------+-------------------------------------------
     0 | D:1      | H0rd4k the Octopode Artificer began the quest for the Orb.
     0 | D:1      | Reached XP level 1. HP: 13/13 MP: 1/1
   256 | D:1      | Reached skill level 1 in Spellcasting
   256 | D:1      | Reached XP level 2. HP: 18/18 MP: 3/3
   955 | D:1      | Reached XP level 3. HP: 24/24 MP: 5/5
  1320 | D:2      | Identified the +1 scale mail of Tivimor {Slay+2 SInv}
  1348 | D:2      | Noticed Natasha
  1388 | D:2      | HP: 1/24 [frozen (2)]
  1762 | D:2      | Reached skill level 1 in Unarmed Combat
  1779 | D:2      | Killed Natasha
  1780 | D:2      | Reached XP level 4. HP: 16/30 MP: 5/7
  1950 | D:2      | Noticed Natasha
  2310 | D:2      | Found a runed translucent door.
  2311 | D:2      | Noticed Crazy Yiuf
  2356 | D:2      | Killed Natasha
  2419 | D:2      | Reached skill level 2 in Unarmed Combat
  2442 | D:2      | Noticed Natasha
  2448 | D:2      | Killed Natasha
  2449 | D:2      | Reached XP level 5. HP: 33/35 MP: 8/8
  3192 | D:3      | Found an opulent altar of Gozag.
  3200 | D:3      | Became a worshipper of Gozag Ym Sagoz the Greedy
  3674 | D:3      | Found a glowing silver altar of Zin.
  3947 | D:4      | Noticed a black bear
  3958 | D:4      | Killed a black bear
  3959 | D:4      | Reached skill level 3 in Unarmed Combat
  3959 | D:4      | Reached XP level 6. HP: 20/42 MP: 5/10
  4016 | D:4      | Found a white marble altar of Elyvilon.
  4327 | D:4      | Noticed a black bear
  4334 | D:4      | Killed a black bear
  4335 | D:4      | Reached skill level 4 in Unarmed Combat
  4335 | D:4      | Reached XP level 7. HP: 20/47 MP: 4/11
  4515 | D:4      | Found a staircase to the Ecumenical Temple.
  4851 | D:4      | Reached skill level 5 in Unarmed Combat
  5259 | D:5      | Entered Level 5 of the Dungeon
  5570 | D:5      | Found a sacrificial altar of Ru.
  5572 | D:5      | Found an iron altar of Okawaru.
  5587 | D:5      | Reached skill level 1 in Throwing
  5619 | D:5      | Found a shimmering blue altar of Sif Muna.
  6763 | D:6      | Reached XP level 8. HP: 54/54 MP: 11/13
  6858 | D:6      | Found Wucydgho's Assorted Antiques.
  6877 | D:6      | Reached skill level 6 in Unarmed Combat
  7795 | D:6      | Learned a level 3 spell: Conjure Flame
  7799 | D:6      | Learned a level 3 spell: Inner Flame
  7801 | D:6      | Learned a level 1 spell: Foxfire
  7972 | D:7      | Found a stormy altar of Qazlal.
  8520 | D:7      | Reached skill level 1 in Hexes
  8520 | D:7      | Reached skill level 1 in Fire Magic
  8543 | D:7      | Noticed a troll
  8551 | D:7      | HP: 1/54 [troll (2)]
  8551 | D:7      | Slain by a troll

Illustrated notes

Levels and vault maps discovered:
D:1:      dpeg_arrival_line_fractal, layout_loops_ring, nrook_mini_backslash
D:2:      layout_basic, uniq_crazy_yiuf_cottage, uniq_natasha
D:3:      layout_basic, mainiacjoe_overflow_alcove_1, grunt_gozag_statues,
          mrwooster_statue_mirror, grunt_ministairs_2
D:4:      cheibrodos_thug_alley, layout_rooms, mainiacjoe_overflow_tiny_flanked,
          minmay_temple_entry_gardened_gates
D:5:      layout_basic, nicolae_sif_muna_little_library,
          chequers_temple_overflow_statue_of_worship
D:6:      layout_basic, serial_shops, nicolae_stop_n_shop_1
D:7:      kennysheep_big_flooded_room, layout_gridville, kennysheep_mini_moat,
          grunt_qazlal_sundering, fountainhead

Skill      XL: |  1  2  3  4  5  6  7  8 |
---------------+-------------------------+-----
Spellcasting   | 1 2 3 4 |  4.2
Fighting       | 2 3 4 |  4.9
Unarmed Combat | 1 2 3 4 5 6 |  6.5
Throwing       | 1 |  1.2
Hexes          | 1 |  1.2
Fire Magic     | 1 |  1.1
Dodging        | |  2.3
Stealth        | |  1.3
Conjurations   | |  0.3
Evocations     | |  3.4

Action                   |  1- 3 |  4- 6 |  7- 9 || total
-------------------------+-------+-------+-------++-------
Melee: Unarmed           |    80 |    92 |    99 ||   271
       Tentacles         |    22 |    18 |    35 ||    75
       Club              |     4 |       |       ||     4
       Constrict         |    28 |    23 |    25 ||    76
       Punch             |     2 |     4 |     6 ||    12
       Staff             |       |       |    21 ||    21
Throw: Dart              |       |     3 |       ||     3
 Cast: Foxfire           |       |       |    17 ||    17
Evoke: Wand              |     3 |     4 |    15 ||    22
  Use: Scroll            |       |       |     1 ||     1
       Potion            |       |       |     1 ||     1
 Stab: Sleeping          |     7 |     4 |     4 ||    15
       Distracted        |       |       |     1 ||     1
Armor: Skin              |    16 |     4 |    13 ||    33
Dodge: Dodged            |    54 |    72 |   102 ||   228
